 Dungeon Crawl Stone Soup version 0.24.0-125-gc4c63601f3 (webtiles) character file.

Game seed: 13408838510451802002, levelgen mode: deterministic

35482 Amplified the Spear-Bearer (level 13, -11/124 HPs)
             Began as a Naga Venom Mage on Mar 12, 2020.
             Was a High Priest of Makhleb.
             Mangled by a seven-headed hydra (13 damage)
             ... on level 3 of the Lair of Beasts.
             The game lasted 00:36:06 (14518 turns).

Amplified the Spear-Bearer (Naga Venom Mage)       Turns: 14518, Time: 00:36:07

Health: -11/124    AC: 13    Str: 17    XL:     13   Next: 84%
Magic:  35/35      EV: 10    Int: 15    God:    Makhleb [*****.]
Gold:   425        SH:  0    Dex: 16    Spells: 12/30 levels left

rFire    . . .     SeeInvis +   l - +0 trident
rCold    . . .     Gourm    .   (no shield)
rNeg     + . .     Faith    .   m - +1 troll leather armour {Purgy}
rPois    +         Spirit   .   (helmet restricted)
rElec    +         Reflect  .   j - +2 cloak {MR+}
rCorr    .         Harm     .   G - +2 pair of gloves
MR       ++...                  (no barding)
Stlth    +++.......             a - amulet of magic regeneration
HPRegen  0.70/turn              b - ring of magical power
MPRegen  0.49/turn              y - ring "Goegrura" {rElec rN+ Str+2 Dex+3}

@: very slow
A: large, claws 1, horns 1, see invisible, deformed body, poison resistance,
slowness 2, slow metabolism 1, spit poison 2, constrict 1, AC +4
a: Breathe Poison Gas, Minor Destruction, Lesser Servant of Makhleb, Major
Destruction, Greater Servant of Makhleb, Renounce Religion


You were on level 3 of the Lair of Beasts.
You worshipped Makhleb.
Makhleb was extremely pleased with you.
You were not hungry.

You visited 4 branches of the dungeon, and saw 19 of its levels.
You also visited: Sewer and Bailey.

You collected 1405 gold pieces.
You spent 980 gold pieces at shops.

Inventory:

Hand Weapons
 l - a +0 trident (weapon)
 A - a +3 halberd of electrocution
Missiles
 d - 19 poisoned darts (quivered)
Armour
 e - a scarf of cloud immunity
 j - a +2 cloak of magic resistance (worn)
 m - a +1 troll leather armour (worn) {Purgy}
 t - a +0 buckler
 G - a +2 pair of gloves (worn)
Jewellery
 a - an amulet of magic regeneration (around neck)
 b - a ring of magical power (left hand)
 q - an uncursed ring of fire
 s - an uncursed ring of protection from fire
 v - an uncursed amulet of the acrobat
 y - the ring "Goegrura" (right hand) {rElec rN+ Str+2 Dex+3}
   (You found it on level 12 of the Dungeon)

   [ring of strength]

   It affects your strength (+2).
   It affects your dexterity (+3).
   It insulates you from electricity.
   It protects you from negative energy.
Wands
 f - a wand of acid (4)
 r - a wand of iceblast (11)
 D - a wand of flame (22)
 F - a wand of disintegration (6)
 H - a wand of paralysis (4)
Scrolls
 h - 4 scrolls of fog
 i - 2 scrolls of enchant armour
 u - 2 scrolls of remove curse
 B - 5 scrolls of amnesia
 E - a scroll of magic mapping
Potions
 c - 10 potions of mutation
 g - a potion of agility
 k - 8 potions of curing
 o - 2 potions of flight
 p - a potion of lignification
 x - 2 potions of magic
 z - a potion of cancellation
 C - a potion of heal wounds
Miscellaneous
 I - a lamp of fire
Comestibles
 n - 34 rations


   Skills:
 * Level 10.5 Fighting
 * Level 11.9 Polearms
 - Level 1.5 Dodging
 - Level 7.0 Stealth
 * Level 9.4 Spellcasting
 - Level 7.9 Conjurations
 - Level 4.2 Air Magic
 - Level 10.8 Poison Magic
 - Level 7.0 Invocations


You had 12 spell levels left.
You knew the following spells:

 Your Spells              Type           Power        Failure   Level  Hunger
a - Sting                 Conj/Pois      ####         1%          1    None
b - Poisonous Vapours     Pois/Air       ####..       1%          2    None
c - Olgreb's Toxic Radia  Pois           #####...     1%          4    ###....
d - Mephitic Cloud        Conj/Pois/Air  ####....     1%          3    #......
e - Venom Bolt            Conj/Pois      #####.....   8%          5    #####..
f - Portal Projectile     Hex/Tloc       #.....       36%         3    #......

Your spell library contained the following spells:

 Spells                   Type           Power        Failure   Level  Hunger
 Shock                    Conj/Air       ####         1%          1    None
 Static Discharge         Conj/Air       ####....     3%          3    #......
 Spider Form              Tmut/Pois      ###.......   4%          3    #......
 Swiftness                Chrm/Air       ##......     9%          2    None
 Apportation              Tloc           #.....       13%         1    None
 Beastly Appendage        Tmut           #.....       13%         1    None
 Corona                   Hex            #......      13%         1    None
 Summon Butterflies       Summ           #.......     13%         1    None
 Slow                     Hex            #.......     19%         2    None
 Sticks to Snakes         Tmut           #.......     19%         2    None
 Airstrike                Air            ###.......   22%         4    ###....
 Lightning Bolt           Conj/Air       ####......   28%         5    #####..
 Inner Flame              Hex/Fire       #.......     36%         3    #......
 Lesser Beckoning         Tloc           #.........   36%         3    #......
 Tukima's Dance           Hex            #.......     36%         3    #......
 Alistair's Intoxication  Tmut/Pois      ###.....     36%         5    #####..
 Cause Fear               Hex            #.........   77%         4    ###....
 Ice Form                 Ice/Tmut       #.......     77%         4    ###....
 Leda's Liquefaction      Hex/Erth       #.........   77%         4    ###....
 Blade Hands              Tmut           #.........   98%         5    #####..
 Invisibility             Hex            #.......     100%        6    ######.


Dungeon Overview and Level Annotations

Branches:
Dungeon (13/15)            Temple (1/1) D:7            Lair (3/6) D:11
    Orc (2/2) D:9           Sewer (visited)          Bailey (visited)
  Swamp: Lair:2-4    Shoals: Lair:2-4     Snake: Lair:2-4    Spider: Lair:2-4
    Elf: Orc:2       Vaults: D:13-14

Altars:
Ashenzari
Cheibriados
Dithmenos
Elyvilon
Fedhas
Gozag
Hepliaklqana
Kikubaaqudgha
Makhleb
Nemelex Xobeh
Okawaru
Qazlal
Ru
Sif Muna
Uskayaw
Vehumet
Wu Jian
Xom
Yredelemnul
Zin
The Shining One

Shops:
D:11 *

Annotations:
D:4 2 runed translucent doors, infcreate's ghost, novice DECj
D:12 exclusion: oklob sapling
Orc:1 3 runed translucent doors, Xiorugoi's ghost, journeyman NaMo
Orc:2 Jorgrun


Innate Abilities, Weirdness & Mutations

You cannot wear boots.
Your serpentine skin is tough. (AC +4)
You have supernaturally acute eyesight. (SInv)
Armour fits poorly on your strangely shaped body.
Your system is resistant to poisons. (rPois)
You cover ground very slowly.
You have a slow metabolism.
You can exhale a cloud of poison.
You can use your snake-like lower body to constrict enemies.
You have sharp fingernails.
You have a pair of small horns on your head.


Message History

The seven-headed hydra barely misses you. x2
The seven-headed hydra closely misses you.
The seven-headed hydra bites you but does no damage.
The seven-headed hydra bites you.
* * * LOW HITPOINT WARNING * * *
The seven-headed hydra closely misses you. x2
A demon appears!
It doesn't seem very happy.
The seven-headed hydra bites you but does no damage. x3
The seven-headed hydra bites you!
* * * LOW HITPOINT WARNING * * *
The seven-headed hydra barely misses you.
The seven-headed hydra bites you but does no damage.
The seven-headed hydra bites you.
* * * LOW HITPOINT WARNING * * *
You hit the green death. Your grab misses the green death.
Your headbutt misses the green death.
The green death is lightly wounded.
The seven-headed hydra bites you!
You die...

...#........ .. #.# ###P.....
.#### ###.... #..# ###.# #..##
#..# ## #.+.##### ###.. ##.
##.......## ##.P.' #..#
#2........###..... ...#...##
##@................
#.:...55###D#(......#..#.....
...#.#.#ยง...#.......'.##.....
#.8.###.........####.....
#.....###.........###.....
......>.8######.######.......
...#5....##.# #.## ###.....
...##.8..#..###..# ####.# ..
###.###......### ##.


You could see a seven-headed hydra and a green death.

Vanquished Creatures
  An ogre mage (D:12)
  Harold (D:7)
  A catoblepas (D:12)
  2 death yaks (D:11)
  5 two-headed ogres
  A queen ant (Lair:2)
  A tengu warrior (D:12)
  An unseen horror (shapeshifter) (D:12)
  An unseen horror (D:12)
  Pikel (D:9)
  An orc knight (Orc:1)
  2 ugly things (D:12)
  A manticore (D:11)
  Maurice (D:11)
  2 black mambas
  5 spiny frogs
  A komodo dragon (Lair:3)
  4 trolls
  5 blink frogs (Lair:2)
  8 hippogriffs
  A vampire (D:10)
  A wraith (D:10)
  A shadow (D:12)
  23 yaks
  7 hungry ghosts
  3 vampire mosquitoes (D:12)
  4 wargs (Orc:1)
  A two-headed ogre zombie (D:9)
  8 water moccasins
  11 soldier ants
  7 porcupines
  Purgy (D:3)
  4 slaves (D:9)
  7 orc warriors
  6 sky beasts
  8 ice beasts
  8 ogres
  2 black bears
  A phantom (D:6)
  2 necrophages
  A crocodile (Sewer)
  7 centaurs
  A big kobold (D:11)
  13 bullfrogs
  A gnoll sergeant (D:12)
  2 wyvern skeletons
  5 scorpions
  A troll zombie (D:9)
  6 killer bees
  13 wights
  5 crimson imps
  A centaur zombie (D:11)
  A bullfrog zombie (D:10)
  2 bullfrog skeletons
  Crazy Yiuf (D:2)
  7 orc priests
  5 hounds
  4 jellies
  9 orc wizards
  Terence (D:3)
  3 iguanas
  37 worker ants
  A killer bee zombie (D:7)
  6 ogre zombies (D:9)
  2 hound zombies
  3 hound skeletons
  A howler monkey zombie (D:10)
  27 gnolls
  18 adders
  3 shadow imps
  2 adder zombies
  An adder skeleton (D:9)
  3 worms
  5 dart slugs
  6 leopard geckos
  41 orcs
  10 giant cockroaches
  7 goblins
  14 hobgoblins
  10 jackals
  6 quokkas
  7 ball pythons
  17 bats
  8 frilled lizards
  4 goblin skeletons (D:9)
  4 goblin zombies (D:9)
  A hobgoblin skeleton (D:9)
  29 kobolds
  A leopard gecko skeleton (D:6)
  An orc skeleton (D:9)
  15 orc zombies (D:9)
  9 rats
  A plant (D:12)
540 creatures vanquished.

Vanquished Creatures (collateral kills)
  2 hydras (Lair:1)
  A death yak (D:11)
  A spiny frog (Lair:1)
  A porcupine (Lair:1)
5 creatures vanquished.

Vanquished Creatures (others)
  2 fungi
  5 plants (D:12)
7 creatures vanquished.

Grand Total: 552 creatures vanquished

Notes
Turn   | Place    | Note
-------+----------+-------------------------------------------
     0 | D:1      | Amplified the Naga Venom Mage began the quest for the Orb.
     0 | D:1      | Reached XP level 1. HP: 15/15 MP: 3/3
   274 | D:1      | Reached XP level 2. HP: 15/24 MP: 0/5
   406 | D:1      | Learned a level 2 spell: Poisonous Vapours
   430 | D:1      | Reached skill level 1 in Fighting
   773 | D:1      | Reached XP level 3. HP: 21/31 MP: 2/6
  1450 | D:2      | Reached XP level 4. HP: 39/39 MP: 3/7
  1562 | D:2      | Reached skill level 5 in Poison Magic
  1902 | D:2      | Found a runed translucent door.
  1903 | D:2      | Noticed Crazy Yiuf
  2109 | D:2      | Found an opulent altar of Gozag.
  2142 | D:2      | Reached skill level 5 in Stealth
  2223 | D:2      | Reached XP level 5. HP: 45/46 MP: 8/8
  2555 | D:2      | Killed Crazy Yiuf
  2574 | D:2      | Learned a level 4 spell: Olgreb's Toxic Radiance
  2707 | D:3      | Reached skill level 1 in Polearms
  2801 | D:3      | Noticed Purgy
  2936 | D:3      | Noticed Terence
  2950 | D:3      | Found an opulent altar of Gozag.
  2952 | D:3      | Found an iron altar of Okawaru.
  2984 | D:3      | Found a shimmering altar of Xom.
  3056 | D:3      | Found a glowing drain.
  3113 | Sewer    | Entered a sewer
  3254 | Sewer    | Noticed a crocodile
  3274 | Sewer    | Killed a crocodile
  3274 | Sewer    | Reached XP level 6. HP: 21/56 MP: 7/9
  3576 | D:3      | Killed Purgy
  3576 | D:3      | Reached skill level 2 in Polearms
  3614 | D:3      | Reached XP level 7. HP: 42/62 MP: 10/10
  3790 | D:3      | Killed Terence
  3917 | D:4      | Found a glowing golden altar of the Shining One.
  4195 | D:4      | Learned a level 3 spell: Mephitic Cloud
  4246 | D:4      | Found a large runed translucent door.
  4246 | D:4      | Found a large runed translucent door.
  4247 | D:4      | Noticed infcreate's ghost (novice DECj)
  4274 | D:4      | Reached skill level 3 in Polearms
  4561 | D:5      | Entered Level 5 of the Dungeon
  4600 | D:5      | Reached skill level 1 in Air Magic
  4739 | D:5      | Found a sparkling altar of Nemelex Xobeh.
  5007 | D:5      | Reached XP level 8. HP: 73/73 MP: 11/11
  5424 | D:5      | Reached skill level 4 in Polearms
  5550 | D:6      | Reached skill level 5 in Fighting
  5560 | D:6      | Found a shattered altar of Ashenzari.
  5567 | D:6      | Found an ancient bone altar of Kikubaaqudgha.
  5672 | D:6      | Reached skill level 5 in Polearms
  5758 | D:6      | Reached XP level 9. HP: 79/82 MP: 12/12
  5930 | D:6      | Gained mutation: You can exhale a cloud of poison. [potion
                  | of mutation]
  5930 | D:6      | Gained mutation: You have a pair of small horns on your
                  | head. [potion of mutation]
  5930 | D:6      | Gained mutation: You have sharp fingernails. [potion of
                  | mutation]
  5939 | D:6      | Reached skill level 6 in Polearms
  6051 | D:6      | You fall into a shaft and drop 1 floor!
  6692 | D:7      | Noticed Harold
  6700 | D:7      | Learned a level 5 spell: Venom Bolt
  6724 | D:7      | Killed Harold
  6724 | D:7      | Reached skill level 7 in Polearms
  6724 | D:7      | Reached skill level 5 in Spellcasting
  6724 | D:7      | Reached XP level 10. HP: 94/94 MP: 16/17
  6845 | D:7      | Found a staircase to the Ecumenical Temple.
  6940 | Temple   | Entered the Ecumenical Temple
  6982 | Temple   | Became a worshipper of Makhleb the Destroyer
  7182 | D:6      | Reached skill level 1 in Invocations
  7449 | D:8      | Found a hazy altar of Hepliaklqana.
  7505 | D:8      | Got an ivory falchion
  7567 | D:8      | Found a white marble altar of Elyvilon.
  7666 | D:8      | Noticed a two-headed ogre
  7675 | D:8      | Killed a two-headed ogre
  7675 | D:8      | Reached skill level 8 in Polearms
  7728 | D:8      | Found a sacrificial altar of Ru.
  8012 | D:8      | Found a basalt altar of Yredelemnul.
  8100 | D:8      | Identified the +4 falchion "Uqufoowk" {drain, Int+4} (You
                  | found it on level 8 of the Dungeon)
  8135 | D:9      | Found a flagged portal.
  8147 | Bailey   | Entered a bailey
  8345 | Bailey   | Reached * piety under Makhleb
  8447 | Bailey   | Identified a scroll of acquirement
  8529 | D:9      | Found a staircase to the Orcish Mines.
  8547 | D:10     | Entered Level 10 of the Dungeon
  8576 | D:10     | Reached XP level 11. HP: 84/104 MP: 20/20
  8625 | D:10     | Noticed a two-headed ogre
  8631 | D:10     | Killed a two-headed ogre
  8813 | D:10     | Reached ** piety under Makhleb
  8813 | D:10     | Reached skill level 5 in Invocations
  8870 | D:10     | Reached skill level 9 in Polearms
  9294 | D:11     | Noticed a manticore
  9308 | D:11     | Killed a manticore
  9335 | D:11     | Found a radiant altar of Vehumet.
  9348 | D:11     | Noticed Maurice
  9445 | D:9      | Noticed Pikel
  9457 | D:9      | Killed Pikel
  9493 | D:9      | Reached *** piety under Makhleb
  9518 | D:9      | Noticed a two-headed ogre
  9531 | D:9      | Killed a two-headed ogre
  9874 | D:9      | Found a snail-covered altar of Cheibriados.
 10026 | Orc:1    | Entered Level 1 of the Orcish Mines
 10107 | Orc:1    | Reached skill level 10 in Fighting
 10262 | Orc:1    | Found a burning altar of Makhleb.
 10262 | Orc:1    | Noticed an orc knight
 10280 | Orc:1    | Killed an orc knight
 10624 | Orc:1    | Reached XP level 12. HP: 110/114 MP: 22/22
 10756 | Orc:1    | Found a runed translucent gate.
 10756 | Orc:1    | Found a runed translucent gate.
 10756 | Orc:1    | Found a runed translucent gate.
 10906 | Orc:1    | Noticed Xiorugoi's ghost (journeyman NaMo)
 10992 | Orc:2    | Entered Level 2 of the Orcish Mines
 10994 | Orc:2    | Noticed Jorgrun
 11162 | D:11     | Reached skill level 10 in Polearms
 11175 | D:11     | Noticed a death yak
 11187 | D:11     | Reached **** piety under Makhleb
 11188 | D:11     | Noticed a death yak
 11188 | D:11     | Killed a death yak
 11188 | D:11     | Noticed a death yak
 11208 | D:11     | Killed a death yak
 11208 | D:11     | Reached skill level 5 in Conjurations
 11210 | D:11     | Killed a death yak
 11326 | D:11     | Found a staircase to the Lair.
 11450 | D:11     | Killed Maurice
 11518 | D:11     | Found Maexzel's Food Shop.
 11526 | D:11     | Bought a ration for 70 gold pieces
 11526 | D:11     | Bought a ration for 70 gold pieces
 11526 | D:11     | Bought a ration for 70 gold pieces
 11526 | D:11     | Bought a ration for 70 gold pieces
 11526 | D:11     | Bought a ration for 70 gold pieces
 11526 | D:11     | Bought a ration for 70 gold pieces
 11526 | D:11     | Bought a ration for 70 gold pieces
 11526 | D:11     | Bought a ration for 70 gold pieces
 11526 | D:11     | Bought a ration for 70 gold pieces
 11526 | D:11     | Bought a ration for 70 gold pieces
 11526 | D:11     | Bought a ration for 70 gold pieces
 11526 | D:11     | Bought a ration for 70 gold pieces
 11526 | D:11     | Bought a ration for 70 gold pieces
 11526 | D:11     | Bought a ration for 70 gold pieces
 11571 | D:11     | Found Inopieq's General Store.
 11863 | Lair:1   | Entered Level 1 of the Lair of Beasts
 11863 | Lair:1   | Noticed a six-headed hydra
 12263 | D:12     | Noticed a tengu warrior
 12273 | D:12     | Noticed a two-headed ogre
 12279 | D:12     | Killed a two-headed ogre
 12292 | D:12     | Found a transporter.
 12292 | D:12     | Noticed a catoblepas
 12311 | D:12     | Noticed a two-headed ogre
 12332 | D:12     | Killed a two-headed ogre
 12385 | D:12     | Noticed an ogre mage
 12476 | D:12     | Found a transporter.
 12548 | D:12     | Reached ***** piety under Makhleb
 12601 | D:12     | Killed a catoblepas
 12601 | D:12     | Reached skill level 11 in Polearms
 12601 | D:12     | Gained mutation: You can use your snake-like lower body to
                  | constrict enemies. [Naga growth]
 12601 | D:12     | Reached XP level 13. HP: 121/121 MP: 21/25
 12624 | D:12     | Killed an ogre mage
 12680 | D:12     | Got a flickering amber ring
 12691 | D:12     | Reached skill level 10 in Poison Magic
 12713 | D:12     | Identified the ring "Goegrura" {rElec rN+ Str+2 Dex+3} (You
                  | found it on level 12 of the Dungeon)
 13173 | Lair:1   | Learned a level 3 spell: Portal Projectile
 14011 | Lair:2   | Found an ornate altar of the Wu Jian Council.
 14509 | Lair:3   | HP: 6/122 [seven-headed hydra (1)]
 14517 | Lair:3   | Noticed a green death
 14517 | Lair:3   | HP: 1/124 [seven-headed hydra (6)]
 14518 | Lair:3   | Mangled by a seven-headed hydra

Levels and vault maps discovered:
D:1:      nzn_arrival_settlement, layout_basic
D:2:      layout_loops_ring, grunt_gozag_breadcrumbs, uniq_crazy_yiuf_cottage
D:3:      layout_basic, nicolae_overflow_hidden_temple,
          cheibrodos_sewer_entry_drain, uniq_purgy, uniq_terence
D:4:      layout_loops_ring, nicolae_overflow_crystal_walls,
          ebering_ghost_disaster_area
D:5:      black_bear_nest_1, layout_cave_pods,
          nemelex_xobeh_ov_fountains_minmay, first_ration,
          minmay_misc_feat_plants
D:6:      layout_basic, grunt_temple_overflow_open
D:7:      layout_gridville, temple_green, uniq_harold
D:8:      layout_loops_cross, kennysheep_ying_yang, overflow_temple_1_default,
          nicolae_ru_great_annihilating_truth
D:9:      layout_rooms, lemuel_coloured_pillars_altar, zombieorc2_lemuel,
          enter_bailey_2, uniq_pikel
D:10:     minmay_stone_box, layout_irregular_city
D:11:     layout_grid_maze, dpeg_lair_monsters, gauntlet_entry_generic,
          serial_shops, shop, nicolae_shop_temple_entry_statues_fountains,
          basic_altar, uniq_maurice
D:12:     gammafunk_the_bubble [the_bubble_gammafunk_grid], layout_rooms,
          introduction_to_nature_2
D:13:     layout_cave_pods, ximxim_vaults_locker_room, minmay_misc_feat_doors
Temple:   jpeg_temple_island
Lair:1:   layout_gridlike
Lair:2:   layout_chaotic_city, basic_altar, st_stairs_6, minivault_27,
          chequers_serial_rivers_marsh, zaba_anthell
Lair:3:   layout_roguey, minivault_19, lemuel_fruit_tree, grunt_megastairs_1,
          uniq_prince_ribbit2, uniq_fannar
Orc:1:    layout_diamond_mine, gammafunk_ghost_necromancy, bloody_makhleb
Orc:2:    st_orc_rangers, layout_caves, uniq_jorgrun, uniq_rupert

Skill      XL: |  1  2  3  4  5  6  7  8  9 10 11 12 13 |
---------------+----------------------------------------+-----
Fighting       | 1 2 3 4 6 7 9 10 | 10.5
Stealth        | 4 5 6 7 |  7.0
Poison Magic   | 5 6 9 10 | 10.8
Polearms       | 1 2 3 5 7 8 9 11 | 11.9
Air Magic      | 2 4 |  4.2
Spellcasting   | 5 6 8 9 |  9.4
Invocations    | 4 6 7 |  7.0
Conjurations   | 4 6 7 |  7.9
Dodging        | |  1.5

Action                   |  1- 3 |  4- 6 |  7- 9 | 10-12 | 13-15 || total
-------------------------+-------+-------+-------+-------+-------++-------
Melee: Unarmed           |     7 |       |       |       |       ||     7
       Dagger            |    72 |    33 |       |       |       ||   105
       Halberd           |       |   128 |   254 |   624 |   157 ||  1163
       Headbutt          |       |       |    18 |    66 |    31 ||   115
       Constrict         |       |       |       |       |    33 ||    33
       Trident           |       |       |       |       |    10 ||    10
Throw: Dart              |       |     4 |     4 |       |       ||     8
       Throwing net      |       |     1 |     3 |     8 |       ||    12
 Cast: Sting             |    19 |     2 |     1 |       |       ||    22
       Poisonous Vapours |    19 |    36 |    53 |     5 |       ||   113
       Olgreb's Toxic Ra |       |       |     7 |    38 |     9 ||    54
       Mephitic Cloud    |       |       |     4 |     8 |     1 ||    13
       Venom Bolt        |       |       |       |     1 |     6 ||     7
Invok: Lesser Servant of |       |       |       |     2 |     4 ||     6
       Greater Servant o |       |       |       |       |     1 ||     1
 Abil: Breathe Poison Ga |       |       |     2 |     9 |       ||    11
       Spit Poison       |       |       |     1 |       |       ||     1
Evoke: Wand              |       |       |     5 |     9 |     3 ||    17
  Use: Scroll            |     1 |     7 |    10 |    13 |     3 ||    34
       Potion            |     2 |     4 |     2 |     8 |     4 ||    20
 Stab: Invisible         |     1 |       |       |     1 |       ||     2
       Sleeping          |     4 |     7 |     8 |    19 |     5 ||    43
       Distracted        |       |       |     1 |     2 |     3 ||     6
       Confused          |       |       |     1 |     1 |     2 ||     4
       Paralysed         |       |       |       |     2 |       ||     2
       Held in net/web   |       |       |       |     2 |       ||     2
  Eat: Chunk             |     3 |     2 |     9 |    25 |     7 ||    46
       Ration            |       |     2 |     2 |     8 |     1 ||    13
Armor: Robe              |    19 |    46 |       |       |       ||    65
       Troll leather arm |       |     8 |    97 |   244 |   102 ||   451
       Skin              |       |       |       |     8 |       ||     8
Dodge: Dodged            |    91 |   116 |   114 |   276 |   111 ||   708
